[Event "*** Titled Tuesday Blitz"]
[Site "Chess.com"]
[Date "2019.12.03"]
[Round "10"]
[White "chessdjw"]
[Black "HarutyunianTigranK"]
[Result "0-1"]
[WhiteElo "2673"]
[BlackElo "2773"]
[TimeControl "180+2"]
[EndTime "15:20:20 PST"]
[Termination "HarutyunianTigranK won by checkmate"]

1. c4 e5 2. Nc3 Nf6 3. Nf3 Nc6 4. g3 d5 5. cxd5 Nxd5 6. Bg2 Nb6 7. O-O Be7 8. d3 O-O 9. Be3 Re8 10. Rc1 Bf8 11. Bg5 f6 12. Be3 Bg4 13. Ne4 Qd7 14. Bc5 f5 15. Neg5 g6 16. Qb3+ Kh8 17. Bxf8 Rxf8 18.
Rxc6 bxc6 19. Nxe5 Qe7 20. Qc3 Qf6 21. Ne6 Na4 22. Qd4 c5 23. Qxa4 Qxe6 24. Bxa8 Qxe5 25. Bf3 Bxf3 26. exf3 Qxb2 27. Qc6 Qb6 28. Qd7 Qd6 29. Qxd6 cxd6 30. Rb1 Rf7 31. f4 Re7 32. Rf1 Re2 33. Kg2 Rxa2 34. Rg1 Rd2 35. Re1 Rxd3 36. Re7 a5 37. Kh3 c4 38. Kh4 h6 39. h3 c3 40. g4 fxg4 41. hxg4 Rd5 42. f5 gxf5 43. Kh5 fxg4+ 44. Kg6 Rg5+ 45. Kxh6 Re5 46. Rc7 Rc5 47. Re7 Rc8 48. Re1 c2 49. Rc1 d5 50. Kg6 d4 51.
Kf7 Rc7+ 52. Kf8 d3 53. f4 d2 54. Rh1+ Rh7 55. Rg1 d1=Q 56. Rxg4 Qd8# 0-1

[Event "*** Titled Tuesday Blitz"]
[Site "Chess.com"]
[Date "2019.12.03"]
[Round "10"]
[White "Kislov_Oleg"]
[Black "andrzej"]
[Result "1-0"]
[WhiteElo "2501"]
[BlackElo "2370"]
[TimeControl "180+2"]
[EndTime "15:20:20 PST"]
[Termination "Kislov_Oleg won by checkmate"]

1. e4 c6 2. d4 d5 3. Nc3 dxe4 4. Nxe4 Bf5 5. Ng3 Bg6 6. N1e2 Nd7 7. Nf4 e5 8. Nxg6 hxg6 9. Be3 Ngf6 10. Bc4 Bd6 11. c3 exd4 12. Bxd4 Ne5 13. Bb3 O-O 14. O-O Qc7 15.
Qc2 c5 16. Bxe5 Bxe5 17. Bc4 Rad8 18. Qxg6 Bxg3 19. fxg3 b5 20. Rxf6 bxc4 21. Qg5 Qe7 22. Rf5 Qe2 23. Rf2 Rd1+ 24. Rxd1 Qxd1+ 25. Rf1 Qe2 26. Qxc5 Rd8 27. Qf2 Qe7 28. Re1 Qb7 29.
Qe2 Qd5 30. h3 a5 31. Qe5 Qd2 32. Qe2 Qd5 33. Kh2 a4 34. Qc2 Qc6 35. Qe4 Qb5 36. Re2 Rb8 37. Qd4 Qc6 38. a3 Rc8 39. Re7 Rb8 40. Rxf7 Kxf7 41. Qf4+ Kg6 42. Qxb8 Qd5 43.
Qb6+ Kh7 44. Qd4 Qb5 45. Qe4+ Kg8 46. Qe2 Kh7 47. g4 Kg8 48. Kg3 Qb8+ 49. Kf3 Qf8+ 50.
Ke3 Qc5+ 51. Kd2 Qd5+ 52. Kc2 Qb5 53. Qe6+ Kh8 54. Qc8+ Kh7 55. Qf5+ Qxf5+ 56. gxf5 Kh6 57. g4 Kg5 58. Kd2 Kh4 59. Ke3 Kxh3 60. g5 Kg4 61. f6 Kxg5 62. fxg7 Kh6 63. g8=Q Kh5 64. Kf4 Kh6 65. Kf5 Kh5 66. Qg5# 1-0

[Event "*** Titled Tuesday Blitz"]
[Site "Chess.com"]
[Date "2019.12.03"]
[Round "10"]
[White "M1711"]
[Black "Chesswizard_2007"]
[Result "1-0"]
[WhiteElo "2523"]
[BlackElo "2437"]
[TimeControl "180+2"]
[EndTime "15:20:21 PST"]
[Termination "M1711 won by checkmate"]

1. e4 e5 2. Nf3 Nc6 3. Nc3 Nf6 4. d4 exd4 5. Nxd4 Bb4 6. Nxc6 bxc6 7. Bd3 O-O 8. O-O d5 9. exd5 cxd5 10. h3 c6 11.
Qf3 Be6 12. Bf4 Bd6 13. Rad1 Bxf4 14. Qxf4 Qb8 15. Qxb8 Raxb8 16. Na4 Nd7 17. b3 Rfc8 18. Rfe1 c5 19. c4 d4 20. f4 Nb6 21. Nb2 Re8 22.
Be4 Rbc8 23. Nd3 Bd7 24. Kf2 f6 25. g4 a5 26. Bb7 Rxe1 27. Rxe1 Rc7 28. Bf3 Kf8 29.
Kg3 a4 30. f5 g5 31. fxg6 hxg6 32. h4 Kf7 33. g5 Bf5 34. Be4 axb3 35. Bxf5 gxf5 36.
axb3 Nd7 37. Kf4 fxg5+ 38. hxg5 Rb7 39. Kxf5 Rxb3 40. g6+ Kf8 41. Nf4 Rf3 42. g7+ Kxg7 43. Re7+ Kh6 44. Rxd7 Rc3 45. Ne6 Rf3+ 46. Ke4 Rf6 47.
Nxc5 Kg5 48. Kxd4 Rf1 49. Ne4+ Kg4 50. Rg7+ Kh5 51. Ng3+ Kh6 52. Nxf1 Kxg7 53. Kd5 Kf6 54. Kd6 Kf7 55. c5 Ke8 56. Kc7 Ke7 57. Kb7 Kd8 58. c6 Ke7 59. c7 Ke6 60. c8=Q+ Ke5 61. Qc6 Kf4 62. Qd5 Kg4 63. Nd2 Kf4 64. Qe4+ Kg3 65. Qf3+ Kh4 66. Qg2 Kh5 67. Ne4 Kh6 68. Qg5+ Kh7 69.
Nf6+ Kh8 70. Qg8# 1-0

[Event "*** Titled Tuesday Blitz"]
[Site "Chess.com"]
[Date "2019.12.03"]
[Round "10"]
[White "rasmussvane"]
[Black "Man-Chuk"]
[Result "0-1"]
[WhiteElo "2832"]
[BlackElo "2932"]
[TimeControl "180+2"]
[EndTime "15:20:25 PST"]
[Termination "Man-Chuk won by checkmate"]

1. Nf3 d5 2. g3 e6 3. Bg2 Nf6 4. O-O Nbd7 5. d4 b5 6. a4 b4 7. c4 bxc3 8. Nxc3 Be7 9. Bf4 a6 10.
Qc2 O-O 11. e4 c6 12. e5 Ne8 13. h4 h6 14. Rfc1 a5 15. Qd2 Ba6 16. Bh3 Nc7 17.
Kg2 Rb8 18. Rh1 Rb4 19. Bxh6 gxh6 20. Qxh6 Bd3 21. Rad1 Bg6 22. Ng5 Rxb2 23. Bg4 Re8 24. Nxe6 Nxe6 25. Bxe6 Nf8 26. Bg4 Bb4 27. Qc1 Rc2 28.
Qh6 Bxc3 29. Rhf1 Nh7 30. Kg1 Qe7 31. Rc1 Bd2 32. Qxg6+ fxg6 33. Rxc2 Bb4 34. Rxc6 Nf8 35.
Rfc1 Qa7 36. Rd1 Re7 37. Bf3 Qd7 38. Rb6 Rf7 39. Bg2 Kg7 40. Rb5 Qf5 41. Rf1 Ne6 42.
Rxd5 Be1 43. f4 Bxg3 44. Rd6 Qg4 45. f5 Qxh4 46. Rf3 Bh2+ 47. Kf1 Rxf5 48. Rxf5 gxf5 49.
Rxe6 Qxd4 50. Re7+ Kg6 51. e6 Qe3 52. Bd5 Bg3 53. Kg2 Qf2+ 54. Kh3 Qh2# 0-1

[Event "*** Titled Tuesday Blitz"]
[Site "Chess.com"]
[Date "2019.12.03"]
[Round "10"]
[White "rogapa"]
[Black "DanielNaroditsky"]
[Result "1/2-1/2"]
[WhiteElo "2733"]
[BlackElo "2974"]
[TimeControl "180+2"]
[EndTime "15:20:48 PST"]
[Termination "Game drawn by repetition"]

1. e4 g6 2. d4 Bg7 3. Nc3 d6 4. f4 Nf6 5. Nf3 O-O 6. e5 dxe5 7. fxe5 Nd5 8. Bc4 Nb6 9. Bb3 Nc6 10. Be3 Na5 11. Qe2 Nxb3 12. axb3 f6 13. h4 Bg4 14. h5 gxh5 15. O-O-O fxe5 16. dxe5 Qe8 17. Kb1 c6 18. e6 Qg6 19. Bd4 Rad8 20. Bxg7 Qxg7 21. Rxd8 Rxd8 22. Qe3 Qf6 23. Ne5 Nd5 24. Nxd5 Rxd5 25.
Nxg4 hxg4 26. Qxa7 Qxe6 27. Qxb7 Rd2 28. Qb8+ Kg7 29.
Qf4 Rd5 30. Rf1 Kg6 31. Qf8 Rf5 32. Qe8+ Kg5 33. Rh1 Qf7 34. Qxc6 Rf1+ 35. Rxf1 Qxf1+ 36. Ka2 h5 37. Qc5+ Kg6 38. Qc6+ Kg5 39. Qc5+ Kh4 40. Qxe7+ Kg3 41. Qe5+ Kxg2 42. Qxh5 g3 43. c4 Qf3 44. Qa5 Kf1 45. Qd2 Qa8+ 46. Kb1 Qe4+ 47. Ka2 g2 48.
Qd1+ Kf2 49. Qd2+ Kg3 50. Qg5+ Qg4 51. Qe3+ Kh2 52. Qh6+ Qh3 53. Qf4+ Kh1 54. Qe4 Kh2 55. Qf4+ Qg3 56. Qh6+ Kg1 57. c5 Kf1 58. Qc1+ Qe1 59.
Qf4+ Qf2 60. Qc1+ Ke2 61. Qc2+ Kf3 62. Qf5+ Kg3 63. Qg5+ Kh3 64. Qh6+ Qh4 65. Qe3+ Kh2 66. Qe5+ Kh1 67. Qd5 Kh2 68. Qe5+ Qg3 69. Qh5+ Qh3 70. Qe5+ Kh1 71. Qd5 Qe3 72. c6 Qa7+ 73. Kb1 Qh7+ 74. Ka2 Qa7+ 75. Kb1 Qh7+ 76. Ka2 Qa7+ 1/2-1/2

[Event "*** Titled Tuesday Blitz"]
[Site "Chess.com"]
[Date "2019.12.03"]
[Round "10"]
[White "Al_Shima"]
[Black "norwaytoadog"]
[Result "1-0"]
[WhiteElo "2458"]
[BlackElo "2305"]
[TimeControl "180+2"]
[EndTime "15:20:49 PST"]
[Termination "Al_Shima won on time"]

1. b3 e5 2. Bb2 Nc6 3. e3 Nf6 4. Bb5 Bd6 5. Ne2 O-O 6. Ng3 Ne7 7. e4 c6 8. Be2 Bc7 9. d3 d5 10. Nd2 a5 11. a4 Ng6 12. O-O Nf4 13. Bf3 Re8 14. Re1 d4 15. Ne2 Ng6 16. g3 Ng4 17. h3 Nh6 18. Bg2 Be6 19. Rf1 Qd7 20.
Kh2 f5 21. exf5 Nxf5 22. Ne4 Bd5 23. Qd2 Rf8 24. Qg5 Rae8 25. Rae1 Qe6 26. h4 h6 27. Qh5 Qf7 28. Bh3 Be6 29. Nc5 Bc8 30. Ba3 Bd6 31. Ra1 b6 32. Ne4 Bxa3 33. Rxa3 Be6 34. Raa1 Nh8 35. Qxf7+ Nxf7 36. Rae1 N7d6 37. Ng1 b5 38. Nxd6 Nxd6 39. Rxe5 Bd5 40. Rxe8 Rxe8 41. Ra1 b4 42.
Bg2 Bxg2 43. Kxg2 g5 44. hxg5 hxg5 45. f3 Kg7 46. Kf2 Nf5 47. Ne2 Rh8 48. Kg1 c5 49.
Rc1 Ne3 50. f4 g4 51. Re1 Kf6 52. f5 Kxf5 53. Nf4 Rg8 54. Re2 Rh8 55. Rf2 Kg5 56. Ne6+ Kg6 57. Nxc5 Rh3 58. Ne4 Nd1 59. Rf4 Ne3 60.
Rf6+ Kg7 61. Rd6 Nxc2 62. Rd5 Rh6 63. Rxa5 Rc6 64. Rg5+ Kf7 65. Rc5 Rg6 66. Rxc2 1-0

[Event "*** Titled Tuesday Blitz"]
[Site "Chess.com"]
[Date "2019.12.03"]
[Round "10"]
[White "petincash"]
[Black "politeplayer"]
[Result "1/2-1/2"]
[WhiteElo "2406"]
[BlackElo "2248"]
[TimeControl "180+2"]
[EndTime "15:20:50 PST"]
[Termination "Game drawn - insufficient material"]

1. e4 c5 2. Nc3 e6 3. Nf3 a6 4.
d4 cxd4 5. Nxd4 Qc7 6. Bd3 Bc5 7.
Nb3 Bd6 8. a4 b6 9. Qg4 g6 10. Bg5 Be5 11. O-O-O Bxc3 12. bxc3 Qxc3 13. Bd2 Qc6 14. e5 Ne7 15. Be4 Qxa4 16. Bc3 Bb7 17. Rd4 h5 18. Rxa4 hxg4 19. Bxb7 Ra7 20.
Be4 b5 21. Ra1 Rc7 22. Ba5 Rc4 23. Nd2 Rc5 24. Bb6 Rc8 25. Bb7 Rc3 26. Bd4 Rc7 27.
Bxa6 Nf5 28. Bb2 g3 29. fxg3 Nxg3 30. Re1 Rxh2 31. Bxb5 Rxg2 32. Ra8 Rb7 33. Bd3 Rxd2 34. Kxd2 Rxb2 35. Kc3 Rb6 36. Rh1 Ke7 37. Rh8 Rc6+ 38.
Kd2 d6 39. Raxb8 dxe5 40. Rb7+ Kf6 41. Rh7 e4 42. Rbxf7+ Ke5 43. Bb5 Rd6+ 44. Kc1 e3 45.
Rf3 e2 46. Re3+ Kf4 47. Rxe2 Nxe2+ 48. Bxe2 g5 49. Rf7+ Ke3 50. Bg4 e5 51. Rf3+ Ke4 52. c4 Rc6 53. Rc3 Kd4 54. Kd2 Rxc4 55. Rd3+ Kc5 56. Be6 Rd4 57. Rxd4 exd4 58. Kd3 Kb6 59. Bg4 Ka7 60. Kxd4 Kb8 61. Ke4 Ka7 62. Kf5 Kb8 63. Kxg5 1/2-1/2

[Event "*** Titled Tuesday Blitz"]
[Site "Chess.com"]
[Date "2019.12.03"]
[Round "10"]
[White "earling8018"]
[Black "j2806"]
[Result "0-1"]
[WhiteElo "1920"]
[BlackElo "1918"]
[TimeControl "180+2"]
[EndTime "15:21:03 PST"]
[Termination "j2806 won on time"]

1. c4 e6 2. g3 Nf6 3. Bg2 Be7 4. Nf3 O-O 5. O-O d5 6. d4 dxc4 7. Qc2 a6 8. a4 b6 9. Qxc4 Bb7 10. Bg5 Nbd7 11.
Nc3 c5 12. Rfd1 Rc8 13. dxc5 Rxc5 14. Qd3 Qc8 15. Be3 Rc7 16. Bf4 Rc5 17. Bd6 Bxd6 18. Qxd6 Qc7 19. Qxc7 Rxc7 20. Rd6 Rfc8 21. Rad1 Kf8 22.
e4 Ke7 23. e5 Nd5 24. Nxd5+ Bxd5 25. Ng5 h6 26. Bxd5 hxg5 27. Bg2 b5 28. Rxa6 bxa4 29. Rxa4 Nxe5 30. Ra5 Rc5 31. b4 Rxa5 32. bxa5 Rc7 33. a6 Ra7 34. Ra1 Nc4 35. Bb7 Nd6 36. Rb1 Kd7 37. Kg2 Kc7 38. Rc1+ Kb6 39. Rb1+ Kc7 40. Rc1+ Kb6 41. Rd1 Nxb7 42. axb7 Rxb7 43. Kf3 Kc6 44.
h4 gxh4 45. gxh4 Rb4 46. Kg3 Rc4 47. f3 Rc5 48. Rd8 Rd5 49. Rg8 g6 50. Rf8 Rd7 51.
Kf4 Kd6 52. Kg5 Ke7 53. Ra8 Rd5+ 54. Kg4 Kf6 55. Ra4 e5 56. Ra6+ Kg7 57. Rb6 Rd4+ 58. Kg3 f5 59. Re6 e4 60. fxe4 fxe4 61. Kf4 Kh6 62.
Ke3 Ra4 0-1

[Event "*** Titled Tuesday Blitz"]
[Site "Chess.com"]
[Date "2019.12.03"]
[Round "10"]
[White "artooon"]
[Black "pouya21"]
[Result "0-1"]
[WhiteElo "2802"]
[BlackElo "2757"]
[TimeControl "180+2"]
[EndTime "15:21:04 PST"]
[Termination "pouya21 won by checkmate"]

1. e4 c5 2. Nf3 d6 3. d4 cxd4 4.
Nxd4 Nf6 5. Nc3 a6 6. Bg5 Nbd7 7. Bc4 Qb6 8. Bb3 e6 9. Be3 Nc5 10. f3 Qc7 11. Qe2 b5 12. O-O Be7 13. a4 b4 14.
Na2 Rb8 15. Kh1 O-O 16. Bd2 a5 17. Nc1 Ba6 18. Bc4 Bxc4 19. Qxc4 d5 20. exd5 Nxd5 21. Nb5 Qb7 22. Nd3 Rbc8 23. Nxc5 Rxc5 24. Qd3 Rfc8 25.
Rac1 Qc6 26. c3 bxc3 27. bxc3 Qa6 28. Rfe1 Rc4 29. f4 Nxf4 30. Bxf4 Rxf4 31. Qd7 Bf8 32. Rf1 Rf6 33. Rxf6 gxf6 34. h3 Qc6 35. Qd2 Qe4 36.
Nd4 Qd5 37. Qe3 Bg7 38. Nb5 f5 39. Qg3 Qe5 40. Qf3 Qe4 41. Qd1 Be5 42. Qd7 Qf4 43. Qxc8+ Kg7 44. Kg1 Qxc1+ 45. Kf2 Qc2+ 46. Kf3 Qxa4 47. Qc6 Qf4+ 48. Ke2 a4 49. c4 Qc1 50. Qc5 Qb2+ 51. Kf3 Qb3+ 52. Ke2 Kf6 53. Qc8 Qb2+ 54. Kf3 a3 55. Qd8+ Kg6 56. h4 Qb3+ 57. Kf2 Qg3+ 58. Kf1 a2 59. Qg8+ Bg7 60. h5+ Kh6 61.
Qa8 a1=Q+ 62. Qxa1 Bxa1 63. Nd4 Bxd4 64. Ke2 Qe3+ 65.
Kd1 Qd3+ 66. Ke1 Qxc4 67. Kd1 Be3 68. Ke1 Qc2 69. g4 Qd2+ 70. Kf1 Qf2# 0-1

[Event "*** Titled Tuesday Blitz"]
[Site "Chess.com"]
[Date "2019.12.03"]
[Round "10"]
[White "JoakimVonAnd"]
[Black "FearNoEvil12"]
[Result "1/2-1/2"]
[WhiteElo "2382"]
[BlackElo "2031"]
[TimeControl "180+2"]
[EndTime "15:21:15 PST"]
[Termination "Game drawn by repetition"]

1. d4 b5 2. e4 a6 3. Nf3 Bb7 4.
Bd3 e6 5. Bf4 Nf6 6. Nbd2 d6 7.
O-O Nbd7 8. h3 h6 9. c3 g5 10. Bh2 g4 11. hxg4 Nxg4 12. Bg3 h5 13. a4 bxa4 14.
Rxa4 h4 15. Bf4 Qf6 16. Bg5 Qg7 17. Bxh4 Be7 18. Bxe7 Kxe7 19. Re1 Qh6 20. Kf1 Qh1+ 21. Ng1 Nh2+ 22. Ke2 Qxg2 23. Ndf3 Nf6 24. Qc1 Nhg4 25. Rf1 Rag8 26. Qf4 Nh5 27. Qd2 Ng3+ 28. Ke1 Bxe4 29. fxg3 Qxg3+ 30. Kd1 Bxd3 31. Qxd3 Nf2+ 32. Rxf2 Qxf2 33.
Rc4 Rxg1+ 34. Nxg1 Qxg1+ 35. Kc2 Qg2+ 36. Kb1 Kd7 37.
Ka2 Rb8 38. Qb1 Qd5 39. Qf1 f5 40. b3 Rh8 41. Qg1 Rh7 42. Kb2 Qe4 43. Qg6 Re7 44. Qg8 f4 45. Qb8 Qe2+ 46. Ka3 Qxc4 47. bxc4 Rf7 48. Qg8 Ke7 49. Qg5+ Rf6 50. Qg2 f3 51. Qf2 e5 52. Kb4 e4 53. Ka5 Kd7 54. c5 dxc5 55.
dxc5 Kc6 56. Kxa6 e3 57. Qxe3 f2 58. Qe4+ Kd7+ 59. c6+ Kd6 60. Qd3+ Ke6 61. Qf1 Kd5 62. Kb7 Rf7 63. c4+ Kd4 64. Qd1+ Kxc4 65. Qc2+ Kd5 66.
Qd3+ Ke6 67. Qe2+ Kd6 68. Qd3+ Ke7 69. Qe2+ Kf8 70. Qf1 Kg7 71. Qg2+ Kf8 72. Qf1 Kg7 73. Kc8 Kf8 74. Kd8 Kg7 75. Ke8 Rf6 76. Kd7 Rf7+ 77. Ke8 Rf6 78. Kd8 Rf7 79. Qg2+ Kh7 80. Qf1 Kg7 1/2-1/2

[Event "*** Titled Tuesday Blitz"]
[Site "Chess.com"]
[Date "2019.12.03"]
[Round "10"]
[White "MateusViageiro"]
[Black "przemekpiotrowski"]
[Result "0-1"]
[WhiteElo "2198"]
[BlackElo "2426"]
[TimeControl "180+2"]
[EndTime "15:21:24 PST"]
[Termination "przemekpiotrowski won by checkmate"]

1. e4 c5 2. Nf3 d6 3. d4 cxd4 4.
Nxd4 Nf6 5. Nc3 Nc6 6. Be3 e5 7.
Nb3 Be7 8. f3 a5 9. a4 O-O 10.
Bb5 Nb4 11. Qd2 Be6 12. Nc1 d5 13. exd5 Nfxd5 14. Nxd5 Nxd5 15. O-O Nxe3 16. Qxe3 Qc7 17. Qe2 f5 18. Re1 Bd6 19. Nd3 e4 20. fxe4 Bxh2+ 21. Kh1 f4 22. Qh5 Bg3 23. Re2 Rf6 24. Qc5 Qd8 25.
Kg1 Rh6 26. Nf2 Qh4 27. Kf1 Rc8 28. Qd4 Rd8 29. Qc5 b6 30. Qxb6 Bg4 31. Bc4+ Kh8 32. Qa7 f3 33. Nxg4 fxe2+ 34. Bxe2 Rf8+ 35. Bf3 Qxg4 36. Ke2 Rxf3 37. gxf3 Rh2+ 38. Kd3 Qxf3+ 39. Qe3 Qxe3+ 40. Kxe3 Rxc2 41. Rd1 h5 42. Rd5 Be1 43. Rxh5+ Kg8 44. Rb5 Bb4 45. e5 Rxb2 46. Ke4 Re2+ 47.
Kf5 Rf2+ 48. Ke6 g5 49. Rb8+ Kg7 50. Rb7+ Kg6 51. Rb6 g4 52. Kd5+ Kg5 53. e6 g3 54.
Rb5 Rf5+ 55. Ke4 Rxb5 56. axb5 g2 57. b6 g1=Q 58. b7 Qg2+ 59. Ke5 Qxb7 60. Kd4 Kf4 61. Kc4 Qc6+ 62. Kb3 Bd6 63. Kb2 a4 64. Kb1 Ba3 65.
Ka2 Qc3 66. e7 Qb2# 0-1

[Event "*** Titled Tuesday Blitz"]
[Site "Chess.com"]
[Date "2019.12.03"]
[Round "10"]
[White "AryanTari"]
[Black "FelixJoseYnojosa"]
[Result "1-0"]
[WhiteElo "2838"]
[BlackElo "2621"]
[TimeControl "180+2"]
[EndTime "15:21:31 PST"]
[Termination "AryanTari won by checkmate"]

1. c4 c5 2. Nf3 Nc6 3. d4 cxd4 4.
Nxd4 Nf6 5. Nc3 e6 6. Bf4 Bb4 7. Nb5 d5 8. a3 Bxc3+ 9. bxc3 O-O 10.
e3 a6 11. Nd4 Qa5 12. Qc2 Ne4 13. Nb3 Qxc3+ 14. Qxc3 Nxc3 15. Rc1 Ne4 16. cxd5 exd5 17. f3 Nf6 18. g4 Re8 19. Kd2 Be6 20. Nc5 Na5 21. Bc7 Nc4+ 22. Bxc4 dxc4 23. Nxe6 Rxe6 24. Rxc4 h5 25. g5 Nd5 26. e4 Nxc7 27. Rxc7 Rd8+ 28. Ke3 Rb6 29. Rhc1 Rb3+ 30. R1c3 Rb2 31. Re7 Rf8 32.
Rcc7 g6 33. e5 Rb3+ 34. Kf2 Rxa3 35. Rxb7 Ra2+ 36. Kg3 h4+ 37. Kxh4 Rxh2+ 38. Kg3 Re2 39. Ra7 Re1 40. Rxa6 Rg1+ 41. Kf4 Rb8 42. e6 fxe6 43. Raa7 Rf8+ 44. Ke3 Rb8 45. Rg7+ Kf8 46. Rxg6 Rb3+ 47. Kf2 Rbb1 48. Rf6+ Kg8 49. Re7 Rxg5 50. Rfxe6 Kf8 51.
Re8+ Kf7 52. R8e7+ Kf8 53. Ra7 Rb2+ 54. Ke3 Rb3+ 55.
Kf4 Rc5 56. Rd6 Rb4+ 57. Kg3 Rg5+ 58. Kf2 Rb8 59. Rdd7 Kg8 60. f4 Rg6 61. Kf3 Rg1 62. Ke4 Rb4+ 63. Kf5 Rb5+ 64. Ke6 Rb6+ 65. Ke5 Rb5+ 66.
Kd6 Rd1+ 67. Ke6 Re1+ 68. Kf6 Rb6+ 69. Kg5 Rg1+ 70. Kf5 Rb5+ 71. Ke4 Rb4+ 72. Kf3 Rb3+ 73. Kf2 Rgb1 74. Rd8# 1-0

[Event "*** Titled Tuesday Blitz"]
[Site "Chess.com"]
[Date "2019.12.03"]
[Round "10"]
[White "Firouzja2003"]
[Black "DangerousPlayer1st"]
[Result "0-1"]
[WhiteElo "3135"]
[BlackElo "2843"]
[TimeControl "180+2"]
[EndTime "15:21:33 PST"]
[Termination "DangerousPlayer1st won on time"]

1. d4 Nf6 2. c4 g6 3. Nc3 d5 4. cxd5 Nxd5 5. e4 Nxc3 6. bxc3 Bg7 7. Nf3 O-O 8. Rb1 c5 9. Be2 Nc6 10. d5 Na5 11. O-O b6 12. c4 Bg4 13. Qc2 e5 14.
Ne1 Bd7 15. Nd3 Nb7 16. Bb2 Qe7 17. f4 f6 18. fxe5 fxe5 19. Rxf8+ Rxf8 20. Rf1 Nd6 21. Rxf8+ Kxf8 22. Ne1 Qg5 23. Qd3 Qh4 24. Nf3 Qxe4 25. Qxe4 Nxe4 26. Nxe5 Bc8 27. Bd3 Nd6 28. Kf2 Nf7 29.
Nxf7 Bxb2 30. Ng5 h6 31. Ne4 Ke7 32. Kf3 Be5 33. h3 a6 34. Nf2 Kf6 35. a4 a5 36.
Ne4+ Ke7 37. g4 Bd7 38. Bc2 g5 39. Ke2 Be8 40. Nd2 Kd6 41. Nf3 Bf4 42. Kd3 Bd7 43. Kc3 Be5+ 44. Kb3 Bf4 45. Bg6 Be5 46. Nd2 Bf4 47.
Ne4+ Ke5 48. Nc3 Kd4 49. Ne2+ Ke3 50. Nc3 Kd4 51. Bf7 Be5 52. Be6 Be8 53. Bf5 Ke3 54.
Ne4 Kf4 55. Nf2 Bd6 56. Ka3 h5 57. Ne4 Be5 58. d6 Bc6 59. d7 Bc7 60. Nf6 h4 61.
Nh7 Bd8 62. Nf8 Ke5 63. Ne6 Bxd7 64. Nxd8 Bxf5 65. gxf5 g4 66. Nf7+ Kf6 67. Nd6 g3 68. Ne4+ Kxf5 69. Nc3 Kf4 0-1

[Event "*** Titled Tuesday Blitz"]
[Site "Chess.com"]
[Date "2019.12.03"]
[Round "10"]
[White "FrogMist"]
[Black "1g41-0"]
[Result "1/2-1/2"]
[WhiteElo "2288"]
[BlackElo "2379"]
[TimeControl "180+2"]
[EndTime "15:21:49 PST"]
[Termination "Game drawn by stalemate"]

1. e4 e5 2. Nf3 Nc6 3. Bb5 Nf6 4. O-O Nxe4 5. d4 Nd6 6. Bxc6 dxc6 7. dxe5 Nf5 8.
Qxd8+ Kxd8 9. Nc3 Bd7 10. h3 h6 11. b3 Kc8 12. Bb2 b6 13. Rad1 Bb4 14. Ne2 Be7 15. Rfe1 c5 16. Nf4 Be6 17. Re4 Rd8 18. Rde1 Kb7 19.
g4 Nh4 20. Nxh4 Bxh4 21. Ng2 Be7 22. f4 g6 23. R4e2 c4 24. Ne3 Bc5 25. Kg2 Bxe3 26. Rxe3 Rd2+ 27. R1e2 Rad8 28. Kf3 c5 29. Bc3 Rd1 30.
Re1 R1d7 31. Kg3 Kc6 32. Rf3 Bd5 33. Rf2 a5 34. f5 gxf5 35. gxf5 cxb3 36. axb3 Re8 37.
Rfe2 Rde7 38. Kf4 c4 39. Re3 cxb3 40. cxb3 Bxb3 41. Rc1 Kb7 42. Bxa5 bxa5 43. Rxb3+ Ka7 44. Rb5 Ka6 45. Rcc5 Rd7 46. Rxa5+ Kb6 47. Rab5+ Ka6 48. Rb4 Rd1 49. Rc6+ Ka5 50. Re4 Rf1+ 51. Kg4 Rg8+ 52. Kh4 Rxf5 53. Rxh6 Kb5 54. Rf6 Rfg5 55. Rxf7 Rg1 56. Rh7 Kc6 57. e6 Kd5 58. Re2 Rd1 59. e7 Re8 60. Kg5 Kd6 61. Rh6+ Kd7 62. Rhe6 Rf1 63.
R6e4 Rg8+ 64. Kh4 Re8 65. Rd4+ Kc7 66. Rc2+ Kb6 67. Rb4+ Ka5 68. Re4 Rf7 69. Rc5+ Kb6 70. Rh5 Kc6 71. Rh6+ Kd7 72. Rg6 Rfxe7 73. Rxe7+ Kxe7 74. Kg5 Kf7 75. h4 Re5+ 76. Kh6 Ra5 77. h5 Rb5 78. Ra6 Rc5 79. Ra7+ Kg8 80. Rg7+ Kh8 81.
Rg6 Rc8 82. Rd6 Rb8 83. Kg6 Ra8 84. h6 Rg8+ 85. Kf7 Ra8 86. Rg6 Ra7+ 87. Kf8 Ra8+ 88. Ke7 Ra7+ 89. Kf6 Ra6+ 90. Kg5 Rxg6+ 91. Kxg6 Kg8 92.
h7+ Kh8 93. Kh6 1/2-1/2

[Event "*** Titled Tuesday Blitz"]
[Site "Chess.com"]
[Date "2019.12.03"]
[Round "10"]
[White "Vuk2000"]
[Black "Vuks91"]
[Result "0-1"]
[WhiteElo "2752"]
[BlackElo "2659"]
[TimeControl "180+2"]
[EndTime "15:21:54 PST"]
[Termination "Vuks91 won by resignation"]

1. d4 d5 2. Bf4 c5 3. e3 cxd4 4. exd4 Nc6 5. c3 Bf5 6. Nf3 e6 7. Nbd2 Bd6 8. Bg3 Bxg3 9. hxg3 Nf6 10. Nh4 Be4 11. f3 Bg6 12. Nxg6 fxg6 13. Bd3 O-O 14. f4 Nh5 15. Qg4 Qf6 16. Nf3 Ne7 17. Ne5 Nf5 18. Nd7 Qe7 19. Nxf8 Rxf8 20. Rxh5 gxh5 21. Qxh5 b5 22. a3 a5 23. Kf2 b4 24. axb4 axb4 25.
Qe2 bxc3 26. bxc3 Qf6 27. Ra6 Re8 28. Bb5 Re7 29. Ra8+ Kf7 30. Qh5+ Qg6 31. Qxg6+ hxg6 32. Bd3 Rc7 33. Ra3 Nd6 34. Ke3 Kf6 35. g4 g5 36. g3 gxf4+ 37. gxf4 g5 38. Kf3 Rc6 39. Rb3 Rc7 40. Ke3 Rc8 41. Rb6 Rd8 42. fxg5+ Kxg5 43. Kf3 Rf8+ 44. Kg3 Rd8 45. Rc6 Rd7 46. Bc2 Rd8 47.
Rc7 Nb5 48. Rg7+ Kf6 49. Rg6+ Kf7 50. Rh6 Nxc3 51. Kf4 Rg8 52. Rh7+ Rg7 53. Rh6 Ne2+ 54. Ke5 Rg5+ 55. Kd6 Nxd4 56. Rh7+ Kg8 57. Rc7 Nb5+ 58.
Kxe6 Nxc7+ 59. Kd6 Ne8+ 60. Ke7 Ng7 61. Bb3 Rxg4 62.
Bxd5+ Kh7 63. Kf6 Kh6 64. Bb3 Rf4+ 65. Ke5 Kg5 66. Bc2 Rf2 67. Bd3 Rf3 68. Bc2 Re3+ 69.
Kd4 Kf4 70. Bg6 Ne6+ 71. Kd5 Ng5 72. Kd4 Re5 73. Kd3 Nf3 74. Kc4 Ke3 75. Kc3 Nd2 76.
Bh7 Rc5+ 77. Kb4 Kd4 78. Bg8 Rc8 79. Be6 Rb8+ 80. Ka5 Kc5 81. Ka6 Rb6+ 82. Ka5 Rxe6 0-1

[Event "*** Titled Tuesday Blitz"]
[Site "Chess.com"]
[Date "2019.12.03"]
[Round "10"]
[White "wild_cat99"]
[Black "Heineccius"]
[Result "0-1"]
[WhiteElo "2432"]
[BlackElo "2642"]
[TimeControl "180+2"]
[EndTime "15:21:58 PST"]
[Termination "Heineccius won by checkmate"]

1. Nf3 Nf6 2. g3 e6 3. Bg2 d5 4. O-O Be7 5. d4 O-O 6. c4 dxc4 7. Ne5 Qd6 8. Nxc4 Qa6 9. Qc2 Nc6 10. e3 Rb8 11. a4 Bd7 12. Bd2 Rfc8 13. Rc1 Nb4 14. Bxb4 Bxb4 15. Ne5 Be8 16. Qb3 Bd6 17. Nc4 b5 18. Nxd6 cxd6 19. Nc3 bxa4 20. Qd1 Rxb2 21. Nxa4 Rxc1 22. Qxc1 Rb8 23. Nc5 Qc8 24. Nd3 Qxc1+ 25. Rxc1 Bb5 26. Nb4 Kf8 27. Ra1 d5 28. Rxa7 Be8 29.
Nd3 Rb1+ 30. Bf1 Bb5 31. Ra3 Ne4 32. Kg2 Rd1 33. Be2 Rd2 34. Kf1 Rc2 35. Ke1 Nc3 36.
Bf1 Bc4 37. Ra1 g5 38. Nb4 Rb2 39. Nd3 Bxd3 40. Bxd3 Kg7 41. Rc1 Na2 42. Rc8 Nb4 43. Rc3 Ra2 44. Bb5 Rb2 45. Kf1 Kf8 46. Kg2 Ke7 47.
Bf1 Nc2 48. Bd3 Ne1+ 49. Kf1 Nxd3 50. Rxd3 Kf6 51. g4 Kg6 52. h3 f5 53. gxf5+ Kxf5 54. Rc3 Ke4 55. Rc6 Kf3 56. Ke1 Rxf2 57. Rxe6 Re2+ 58.
Kf1 Rxe3 59. Rf6+ Kg3 60. Rf5 h6 61. Rxd5 Kxh3 62. Rd6 h5 63. Rd5 Kh4 64. Kf2 Rd3 65. Rd8 g4 66. d5 Kh3 67. d6 g3+ 68. Ke2 Rd5 69. Kf3 h4 70. d7 g2 71. Rg8 Rxd7 72.
Kf2 Rf7+ 73. Kg1 Rf1# 0-1

[Event "*** Titled Tuesday Blitz"]
[Site "Chess.com"]
[Date "2019.12.03"]
[Round "10"]
[White "SHIVACalypso"]
[Black "Godzillator"]
[Result "0-1"]
[WhiteElo "2275"]
[BlackElo "2347"]
[TimeControl "180+2"]
[EndTime "15:22:35 PST"]
[Termination "Godzillator won by checkmate"]

1. Nf3 d5 2. c4 c6 3. d4 Nf6 4. Nc3 a6 5. cxd5 cxd5 6. g3 Nc6 7. Bg2 Bf5 8. O-O e6 9. Bf4 Bd6 10. Ne5 Rc8 11. Nxc6 Rxc6 12. Bxd6 Qxd6 13. Rc1 O-O 14. Qd2 Rfc8 15. e3 b5 16. a3 h6 17. Rfd1 Rc4 18. Bf1 R4c6 19. Bd3 Bxd3 20. Qxd3 Qc7 21. Ne2 Rc4 22. b3 Rc2 23. a4 bxa4 24. bxa4 a5 25. Qb5 Qa7 26. Rxc2 Rxc2 27. Rc1 Qc7 28. Qb1 Rxc1+ 29.
Qxc1 Qd7 30. Qc2 Ne4 31. Nc1 g6 32. Nd3 Kg7 33. Ne5 Qb7 34. f3 Nd6 35. Kf2 Nf5 36.
g4 Nd6 37. Qc6 Qxc6 38. Nxc6 Nc4 39. e4 Kf6 40. e5+ Kg7 41. f4 g5 42. Kf3 gxf4 43. Kxf4 Nb2 44. Nxa5 Nxa4 45. Nb3 Nc3 46. h3 Nb5 47. h4 h5 48. Kg5 hxg4 49. Kxg4 Kg6 50. Kf4 Kh5 51. Kg3 Nc3 52. Kf4 Kxh4 53. Ke3 Kg5 54. Kd3 Nb5 55. Nc5 Kf5 56. Nd7 Na3 57.
Nf6 Nc4 58. Nd7 Kf4 59. Nf6 Nb6 60. Ng8 Kg5 61. Nf6 Kf5 62. Ng8 Nc8 63. Nf6 Ne7 64. Nd7 Ng6 65. Nc5 Nxe5+ 66. dxe5 Kxe5 67. Nd7+ Kd6 68. Nf6 e5 69. Ng4 Ke6 70. Nf2 f5 71. Ke3 f4+ 72.
Kf3 Kf5 73. Ke2 e4 74. Nd1 d4 75. Nb2 f3+ 76. Kf2 Kf4 77. Kf1 e3 78. Nd3+ Kg3 79. Ke1 Kg2 80. Nf4+ Kg1 81. Nh3+ Kh2 82. Nf2 Kg2 83.
Ng4 f2+ 84. Ke2 f1=Q# 0-1